 Dungeon Crawl Stone Soup version 0.27-a0-1119-gbf574a6a6b (webtiles) character file.

Game seed: 10077680806286670428

70 Zeld the Chucker (level 4, -2/31 HPs)
             Began as an Octopode Fighter on May 2, 2021.
             Slain by an ogre
             ... wielding a +0 giant spiked club
              (28 damage)
             ... on level 1 of the Dungeon.
             The game lasted 00:04:03 (1895 turns).

Zeld the Chucker (Octopode Fighter)                 Turns: 1895, Time: 00:04:04

Health: -2/31      AC:  1    Str: 16    XL:     4   Next: 21%
Magic:  4/4        EV: 11    Int: 10    God:
Gold:   70         SH:  8    Dex: 11    Spells: 3/3 levels left

rFire    . . .     SeeInvis .   a - +0 war axe
rCold    . . .     Faith    .   b - +0 kite shield
rNeg     . . .     Spirit   .   (helmet restricted)
rPois    .         Reflect  .   (no amulet)
rElec    .         Harm     .   (no ring)
rCorr    .         Rampage  .   (no ring)
Will     .....                  (no ring)
Stlth    ++........             (no ring)
HPRegen  0.10/turn              (no ring)
MPRegen  0.09/turn              (no ring)
                                (no ring)
                                (no ring)

@: no status effects
A: almost no armour, amphibious, 8 rings, camouflage 1, gelatinous body 1,
(nimble swimmer 1), tentacles
a: no special abilities


You were on level 1 of the Dungeon.
You visited 1 branch of the dungeon, and saw 2 of its levels.

You collected 70 gold pieces.

Inventory:

Hand Weapons
 a - a +0 war axe (weapon)
Missiles
 e - 19 poisoned darts (quivered)
Armour
 b - a +0 kite shield (worn)
Scrolls
 f - a scroll of identify {unknown}
 g - a scroll of acquirement {unknown}
Potions
 c - a potion of might
 d - a potion of flight {unknown}
 h - a potion of degeneration {unknown}


   Skills:
 - Level 3.1 Fighting
 - Level 2.2 Axes
 * Level 3.2 Throwing
 - Level 3.0 Dodging
 - Level 3.1 Shields


You had 3 spell levels left.
You didn't know any spells.
Your spell library was empty.

Dungeon Overview and Level Annotations

Branches:
Dungeon (2/15)

Altars:

Shops:
D:1 [


Innate Abilities, Weirdness & Mutations

You cannot wear most types of armour.
You are amphibious.
You can wear up to eight rings at the same time.
Your skin changes colour to match your surroundings (Stealth+).
Your rubbery body absorbs attacks. (AC +1, EV +1)
((You are camouflaged near water. (Stealth+)))
You have tentacles for arms and can constrict up to eight enemies at once.


Message History

No target in view!
No target in view!
HP restored.
You now have 70 gold pieces (gained 10).
An orc and an orc wizard come into view.
The orc is wielding a +0 club and wearing a +1 leather armour of poison resistance.
The orc wizard is wielding a +0 dagger and wearing a +1 robe of positive energy.
The orc wizard shouts!
There are monsters nearby!
An orc comes into view. It is wielding a +0 whip.
An orc priest comes into view. It is wielding a +0 morningstar.
The orc moves out of view.
You start waiting.
An orc wizard is nearby!
You closely miss the orc wizard. You grab the orc wizard.
You squeeze the orc wizard, but do no damage.
You constrict the orc wizard. The orc wizard casts a spell at you.
The magic dart hits you!
The orc wizard hits you with a +0 dagger.
The ogre shouts!
You hit the orc wizard.
The orc wizard is heavily wounded.
You constrict the orc wizard!
You kill the orc wizard!
You hear a shout! x2
Your Throwing skill increases to level 3!
You have reached level 4!
There is a stone staircase leading up here.
The ogre barely misses you.
You climb upwards.
There is a stone staircase leading down here.
You block the ogre's attack.
You see here a +0 club.
There is an open door here.
You see here a +0 dagger.
There is an open door here.
Okay, then.
The ogre hits you with a +0 giant spiked club!!
Ouch! That really hurt!
You die...

#........#.###.##.##.......#
#........#...#.##.#######'##
#........#####.##.# #.###
#............#.##.# #....
############.#.##.# #####
#.#....# #.... #.######
#.... #.# #.... #@# #....
#O# ##### #.# #######.#
#.......# #.####### #.#
########### #.# #.........#
#.##### #.........######


You could see an ogre.

Vanquished Creatures
  An orc wizard (D:2)
  2 adders (D:2)
  A dart slug (D:1)
  An endoplasm (D:1)
  4 giant cockroaches (D:1)
  2 goblins (D:1)
  3 hobgoblins
  2 kobolds (D:1)
  A quokka (D:1)
  A frilled lizard (D:1)
  7 rats
25 creatures vanquished.

Vanquished Creatures (others)
  A fungus (D:1)
1 creature vanquished.

Grand Total: 26 creatures vanquished

Notes
Turn   | Place    | Note
-------+----------+-------------------------------------------
     0 | D:1      | Zeld the Octopode Fighter began the quest for the Orb.
     0 | D:1      | Reached XP level 1. HP: 16/16 MP: 1/1
   433 | D:1      | Reached XP level 2. HP: 21/21 MP: 2/2
   679 | D:1      | Found Walam's Antique Armour Shoppe.
   689 | D:1      | Reached skill level 1 in Throwing
  1277 | D:2      | Noticed an ogre
  1296 | D:1      | Reached XP level 3. HP: 4/26 MP: 3/3
  1813 | D:2      | Reached XP level 4. HP: 18/31 MP: 4/4
  1895 | D:1      | Slain by an ogre

Illustrated notes

Levels and vault maps discovered:
D:1:      dpeg_arrival_prison, layout_basic, serial_shops,
          nicolae_shop_overgrown_old_shop
D:2:      layout_rooms, serial_shops, nicolae_shop_behind_doors,
          nicolae_shop_behind_doors, uniq_crazy_yiuf_cottage

Skill      XL: |  1  2  3 |
---------------+----------+-----
Throwing       | 1 3 |  3.2
Fighting       | |  3.1
Axes           | |  2.2
Dodging        | |  3.0
Shields        | |  3.1

Action                   |  1- 3 |  4- 6 || total
-------------------------+-------+-------++-------
Melee: War axe           |    42 |       ||    42
       Tentacles         |     9 |       ||     9
       Constrict         |     9 |       ||     9
 Stab: Sleeping          |     5 |       ||     5
Armor: Skin              |     4 |       ||     4
Dodge: Dodged            |    15 |     1 ||    16
Block: Kite shield       |    15 |     1 ||    16

Table legend: (Time is in decaauts)
 A = Elapsed time spent in this place.
 B = Non-inter-level travel time spent in this place.
 C = Inter-level travel time spent in this place.
 D = Time resting spent in this place.
 E = Time spent auto-exploring this place.
 F = Levels seen in this place.
 G = Mean time per level.
                   A        B        C        D        E       F      G
               +--------+--------+--------+--------+--------+-----+--------+
         Total |   1923 |   1808 |    115 |    573 |    946 |   2 |  961.5 |
       Dungeon |   1923 |   1808 |    115 |    573 |    946 |   2 |  961.5 |
               +--------+--------+--------+--------+--------+-----+--------+

Top non-repeatable levels by time:
     D:1: 1763 daAuts
     D:2: 160 daAuts
